Map: Abiogenesis LE

Players

RavaGe - Winner!

  • Race: Zerg Zerg
  • League: Diamond
  • Spawn Location: 5:00

CSdeft

  • Race: Protoss Protoss
  • League: Diamond
  • Spawn Location: 11:00

VOD

Have the link to the VOD?

Description

Time

  • Played on: March 24, 2018, 10:59 p.m.
  • Length: 25:41
Show
View Real Time Build Order
Export as new Build Order

RavaGe Zerg - Winner!

Build Orders: Pool First 

Get SALT Encoding   

  12  0:01  Drone  
  13  0:14  Overlord  
  13  0:18  Drone  
  14  0:32  Drone  
  14  0:33  Drone  
  16  0:38  Drone  
  17  0:48  Spawning Pool  
  16  0:50  Drone  
  16  0:52  Extractor  
  16  1:03  Drone  
  17  1:18  Hatchery  
  17  1:21  Drone  
  17  1:24  Drone  
  18  1:32  Drone  
  19  1:43  Zergling x2  
  20  1:51  Overlord  
  20  1:53  Queen  
  22  2:10  Drone  
  23  2:19  Zergling x2  
  23  2:22  Metabolic Boost  
  24  2:28  Queen  
  26  2:35  Zergling x6  
  29  2:44  Queen  
  29  2:45  Overlord  
  29  2:46  Drone  
  32  2:54  Zergling x2  
  33  3:00  Overlord  
  33  3:13  Drone x4  
  37  3:28  Zergling x4  
  37  3:29  Zergling x4  
  39  3:42  Drone x2  
  39  3:43  Drone x3  
  44  3:52  Drone  
  45  4:03  Hatchery  
  45  4:07  Drone x3  
  47  4:13  Drone x2  
  47  4:32  Zergling x8  
  47  4:35  Drone x2  
  47  4:36  Drone, Extractor  
  51  4:41  Extractor  
  51  4:43  Overlord  
  50  4:55  Lair  
  50  4:58  Drone  
  51  5:07  Drone x3  
  53  5:09  Drone  
  53  5:10  Drone  
  53  5:11  Drone x3  
  59  5:15  Extractor  
  59  5:16  Overlord  
  59  5:20  Roach Warren  
  56  5:42  Drone x2  
  58  5:43  Drone  
  58  5:48  Evolution Chamber  
  58  5:55  Spore Crawler  
  52  5:57  Spore Crawler  
  52  5:59  Drone  
  52  6:00  Queen  
  52  6:01  Queen x2  
  58  6:08  Overlord  
  58  6:23  Overlord x2  
  54  6:32  Hydralisk Den  
  54  6:33  Zerg Missile Weapons Level 1  
  54  6:34  Glial Reconstitution  
  54  6:35  Queen  
  54  6:36  Queen  
  54  6:37  Pneumatized Carapace  
  54  6:38  Overseer  
  57  6:47  Drone x3  
  57  6:48  Drone x5  
  57  6:50  Drone x2  
  57  6:52  Spore Crawler  
  57  6:53  Drone x3  
  69  7:04  Overlord x4  
  69  7:13  Overlord x2  
  69  7:22  Queen x3  
  73  7:26  Hydralisk  
  73  7:27  Hydralisk x6  
  89  7:30  Grooved Spines  
  89  7:31  Drone x2  
  91  7:47  Spore Crawler  
  90  7:51  Hatchery  
  90  7:52  Hydralisk x4  
  90  7:56  Spire  
  90  7:58  Overlord  
  96  8:11  Spore Crawler  
  95  8:14  Spore Crawler  
  95  8:15  Drone x3  
  97  8:39  Drone x5  
  97  8:40  Drone  
  102  8:55  Hydralisk x2  
  104  9:00  Overlord x3  
  104  9:01  Overlord x2  
  106  9:07  Muscular Augments  
  106  9:09  Zerg Missile Weapons Level 2  
  106  9:10  Evolution Chamber  
  106  9:12  Overlord  
  106  9:13  Overlord  
  106  9:14  Overlord, Corruptor x3  
  106  9:16  Drone  
  112  9:18  Spore Crawler  
  112  9:19  Spine Crawler  
  100  9:25  Hydralisk  
  100  9:26  Hydralisk x7  
  116  9:37  Overseer x2  
  116  9:38  Zerg Ground Armor Level 1  
  116  9:40  Zergling x14  
  123  9:49  Drone  
  123  9:50  Drone x2  
  123  9:52  Extractor  
  125  9:53  Extractor  
  96  10:07  Hydralisk x8  
  97  10:20  Hydralisk x5  
  101  10:32  Hydralisk x6  
  111  10:44  Hydralisk x5  
  111  10:48  Overseer  
  121  10:52  Drone x2  
  123  10:58  Extractor, Hydralisk  
  123  10:59  Extractor, Hydralisk x3  
  129  11:11  Hydralisk x2  
  129  11:18  Hatchery  
  132  11:33  Infestation Pit  
  132  11:34  Zerg Ground Armor Level 2  
  121  12:01  Hydralisk x5  
  119  12:02  Hydralisk x5  
  119  12:05  Hydralisk  
  131  12:13  Baneling Nest  
  130  12:15  Drone  
  130  12:16  Drone x3  
  130  12:19  Drone  
  130  12:20  Drone x2  
  130  12:21  Drone  
  138  12:24  Drone  
  138  12:28  Drone x3  
  138  12:29  Hatchery  
  141  12:30  Drone x3  
  141  12:31  Drone x4  
  141  12:34  Hive  
  148  12:57  Hydralisk  
  148  12:58  Hydralisk x8  
  166  13:05  Spire  
  163  13:17  Hydralisk x6  
  163  13:18  Hydralisk  
  173  13:25  Hydralisk  
  173  13:26  Hydralisk x2  
  169  13:38  Hydralisk x6  
  149  13:42  Zergling x6  
  149  13:45  Zergling x2  
  149  13:46  Zergling x6  
  156  13:54  Drone x2  
  156  13:55  Drone x2  
  160  14:00  Greater Spire, Corruptor  
  160  14:01  Corruptor  
  164  14:20  Overlord x4  
  164  14:22  Queen  
  164  14:24  Queen  
  164  14:25  Queen  
  148  14:31  Hydralisk  
  148  14:32  Hydralisk x6  
  148  14:43  Zergling x6  
  148  14:44  Zergling x14  
  158  14:48  Overlord, Corruptor  
  158  14:51  Drone  
  158  14:52  Drone x2  
  163  14:59  Drone x3  
  156  15:00  Queen  
  133  15:12  Hydralisk x4  
  137  15:18  Zerg Flyer Weapons Level 1, Zerg Flyer Armor Level 1  
  137  15:24  Brood Lord x2  
  137  15:25  Overlord  
  137  15:26  Overlord x3  
  139  15:36  Hydralisk  
  139  15:37  Hydralisk x4  
  144  15:44  Hydralisk x2  
  144  15:45  Hydralisk x2  
  144  15:47  Hydralisk  
  146  16:04  Hydralisk  
  146  16:05  Hydralisk x4  
  146  16:08  Corruptor, Brood Lord  
  146  16:09  Corruptor x2  
  164  16:14  Overseer x2  
  161  16:23  Hydralisk x4  
  161  16:24  Hydralisk x2  
  157  16:29  Hydralisk  
  157  16:30  Hydralisk x2  
  161  16:48  Brood Lord x2  
  161  16:50  Brood Lord  
  161  16:51  Corruptor x2  
  161  16:52  Corruptor  
  173  17:06  Hydralisk  
  173  17:07  Hydralisk x6  
  133  17:19  Hydralisk  
  133  17:20  Hydralisk x4  
  133  17:21  Zergling x2  
  133  17:22  Zergling x10  
  137  17:23  Zergling x2  
  137  17:25  Zergling x4  
  137  17:29  Brood Lord  
  121  18:01  Hatchery  
  121  18:02  Extractor  
  121  18:04  Brood Lord  
  121  18:05  Hydralisk x6  
  123  18:06  Hydralisk x2  
  137  18:25  Overlord x2, Corruptor x2  
  141  18:27  Drone  
  127  19:16  Hydralisk x8  
  127  19:17  Hydralisk x5  
  123  19:23  Hydralisk  
  123  19:24  Hydralisk  
  149  19:37  Hydralisk x3  
  147  20:00  Hydralisk x4  
  147  20:01  Hydralisk x2  
  147  20:06  Hydralisk  
  129  20:15  Brood Lord  
  125  20:36  Hatchery  
  120  20:46  Hydralisk  
  119  21:10  Hydralisk  
  119  21:11  Hydralisk x4  
  124  21:22  Extractor  
  124  21:24  Extractor  
  124  21:25  Hydralisk  
  122  21:26  Hydralisk  
  126  21:37  Hydralisk x2  
  110  21:51  Hydralisk x3  
  92  21:55  Corruptor  
  88  22:24  Spine Crawler  
  88  22:25  Spine Crawler  
  88  22:28  Overseer  
  86  22:32  Hatchery  
  86  22:33  Corruptor x2, Brood Lord  
  86  22:35  Corruptor  
  93  22:40  Overseer  
  80  22:58  Corruptor  
  80  22:59  Corruptor x2  
  86  23:16  Hatchery  
  85  23:32  Brood Lord  
  87  23:37  Brood Lord  
  89  23:49  Hydralisk  
  91  23:58  Hydralisk  
  93  24:12  Brood Lord  
  95  24:25  Hydralisk  
  95  24:26  Hydralisk  
  99  24:36  Brood Lord  
  101  24:54  Hydralisk x3  
  107  25:13  Hydralisk x4  
Show
View Real Time Build Order
Export as new Build Order

CSdeft Protoss 

Build Orders:  

Get SALT Encoding   

  12  0:01  Probe  
  13  0:16  Pylon  
  13  0:20  Probe (Chrono Boost)  
  14  0:30  Probe (Chrono Boost)  
  15  0:36  Gateway  
  15  0:40  Probe  
  16  0:52  Probe  
  17  1:04  Probe  
  18  1:13  Pylon  
  18  1:22  Gateway  
  18  1:24  Cybernetics Core  
  18  1:26  Zealot (Chrono Boost)  
  18  1:31  Probe  
  20  1:40  Assimilator  
  20  1:43  Probe  
  21  1:49  Zealot  
  23  1:56  Probe  
  23  1:59  Assimilator  
  24  2:08  Probe  
  25  2:19  Pylon  
  25  2:20  Probe  
  26  2:25  Adept x2  
  30  2:32  Probe  
  30  2:34  Warp Gate  
  31  2:44  Probe  
  32  2:56  Probe  
  33  3:05  Nexus  
  33  3:08  Probe  
  32  3:40  Probe  
  31  3:41  Stargate  
  31  3:44  Stargate  
  31  3:49  Stalker x2  
  31  3:52  Probe  
  36  4:04  Probe  
  36  4:06  Pylon  
  37  4:16  Probe  
  36  4:23  Assimilator  
  36  4:28  Assimilator, Probe  
  37  4:36  Phoenix x2 (Chrono Boost)  
  41  4:40  Probe  
  42  4:47  Probe  
  42  4:49  Adept x2  
  47  4:52  Probe  
  47  4:53  Phoenix (Chrono Boost)  
  47  4:59  Probe  
  51  5:03  Phoenix  
  51  5:05  Probe  
  54  5:11  Probe  
  55  5:21  Adept x2  
  59  5:34  Phoenix  
  61  5:39  Pylon  
  61  5:44  Pylon  
  51  5:57  Phoenix  
  61  6:00  Twilight Council, Probe x2  
  61  6:02  Gateway  
  65  6:31  Adept x2  
  69  6:36  Gateway  
  69  6:38  Templar Archives  
  69  6:41  Gateway  
  69  6:43  Pylon  
  69  6:49  Charge  
  69  7:06  Psionic Storm  
  69  7:13  Adept x2  
  73  7:27  Nexus  
  73  7:29  Pylon  
  73  7:37  Pylon  
  73  7:43  Pylon  
  73  7:47  Adept x4  
  81  8:02  High Templar  
  83  8:09  Robotics Facility  
  83  8:13  Robotics Facility  
  83  8:17  Pylon  
  83  8:18  High Templar  
  83  8:19  High Templar x3  
  91  8:30  Forge  
  91  8:34  Forge  
  89  8:53  Adept x5  
  97  9:26  Adept x2  
  97  9:27  Adept x2  
  105  9:37  Observer x2 (Chrono Boost)  
  107  9:40  Protoss Ground Armor Level 1 (Chrono Boost), Protoss Ground Weapons Level 1 (Chrono Boost)  
  107  9:46  Blink  
  85  10:07  Archon x2  
  77  10:20  High Templar  
  77  10:21  High Templar x4  
  76  10:31  Observer  
  74  10:37  Immortal  
  74  10:42  Assimilator  
  74  10:43  Probe  
  74  10:44  Probe x2  
  74  10:46  Assimilator  
  77  10:55  Probe  
  77  10:56  Probe  
  77  10:57  Probe  
  80  10:59  Gateway  
  80  11:00  Gateway  
  80  11:03  Pylon  
  80  11:07  Pylon  
  80  11:09  Probe  
  81  11:18  Protoss Ground Weapons Level 2 (Chrono Boost), Immortal (Chrono Boost)  
  81  11:19  Immortal (Chrono Boost)  
  89  11:27  Protoss Ground Armor Level 2 (Chrono Boost)  
  89  11:36  Zealot x4  
  97  11:44  Gateway  
  79  12:07  High Templar x3  
  85  12:12  Archon  
  85  12:14  Zealot x3  
  91  12:19  Gateway  
  91  12:22  Gateway  
  91  12:25  Pylon  
  91  12:28  Immortal x2 (Chrono Boost), Probe x2  
  101  12:40  Probe x2  
  103  12:44  Pylon  
  103  12:53  Probe (Chrono Boost)  
  103  12:54  High Templar x3  
  110  13:00  Probe (Chrono Boost)  
  111  13:10  Probe (Chrono Boost)  
  112  13:15  Probe (Chrono Boost)  
  113  13:21  Adept x2  
  113  13:22  Adept  
  103  13:38  Archon  
  93  13:47  High Templar x3  
  93  13:48  High Templar x2  
  89  13:52  Zealot x4  
  97  14:01  Immortal x2  
  105  14:16  Pylon  
  105  14:18  Zealot  
  105  14:19  Zealot x4  
  105  14:20  Zealot x3  
  105  14:21  Probe x2  
  82  14:33  Probe x2  
  72  14:39  Archon  
  72  14:40  Archon, Immortal x2  
  72  14:43  Zealot x3  
  72  14:44  Zealot x4  
  72  14:45  Zealot x2, Probe x2  
  98  14:57  Probe  
  80  15:08  Nexus  
  80  15:15  High Templar x3  
  80  15:19  Immortal  
  78  15:44  High Templar x2  
  78  15:45  High Templar x2, Zealot x2  
  90  16:04  Stalker x3  
  90  16:06  Stalker  
  98  16:12  Probe  
  99  16:34  Zealot x2  
  99  16:35  Probe  
  99  16:37  Probe  
  105  17:07  Archon x3  
  99  17:08  Archon  
  89  17:47  High Templar x3  
  89  17:48  Zealot  
  89  17:49  Zealot x5  
  107  18:16  Assimilator  
  107  18:20  Assimilator  
  107  18:25  High Templar x2  
  107  18:26  Zealot x2  
  107  18:27  Zealot x5  
  117  18:29  Archon  
  117  18:30  Nexus  
  117  18:32  Assimilator  
  125  18:36  Assimilator  
  125  18:40  Pylon  
  125  18:42  Pylon  
  125  18:58  Probe  
  125  18:59  Probe  
  121  19:10  Probe  
  121  19:11  Probe  
  121  19:14  Archon  
  106  19:23  Probe x2  
  98  19:35  Probe x2  
  100  19:39  Stalker  
  100  19:40  Stalker x5  
  100  19:41  Stalker x2  
  109  19:57  Zealot  
  103  20:03  Zealot x5  
  103  20:04  Zealot x2  
  101  20:17  Stalker x2  
  105  20:29  Stalker  
  104  20:48  Zealot x3  
  104  20:49  Zealot  
  103  21:00  Zealot x2  
  103  21:01  Zealot  
  95  21:21  Zealot x4  
  49  21:59  Probe x2  
  51  22:11  Probe x2  
  39  23:11  High Templar x3  
  42  25:32  Archon  
Tags
 
Add a new tag
Caveats
  • Supply blocks, unpowered buildings, or Contaminate may cause inaccurate times.
  • Supply counts are checked every 10 seconds.